Map: Thunderbird LE

Players

Echo

  • Race: Protoss Protoss
  • League: Silver
  • Spawn Location: 11:00

Djorn - Winner!

  • Race: Protoss Protoss
  • League: Silver
  • Spawn Location: 5:00

VOD

Have the link to the VOD?

Description

Time

  • Played on: Aug. 27, 2019, 2:17 p.m.
  • Length: 14:59
Show
View Real Time Build Order
Export as new Build Order

Echo Protoss 

Build Orders:  

Get SALT Encoding   

  12  0:00  Probe  
  13  0:08  Probe  
  14  0:18  Probe  
  15  0:22  Pylon  
  15  0:40  Probe  
  15  0:41  Gateway  
  16  0:44  Assimilator  
  16  0:52  Probe  
  17  1:01  Probe  
  17  1:03  Assimilator  
  17  1:09  Probe  
  19  1:19  Probe  
  20  1:27  Pylon  
  20  1:29  Cybernetics Core  
  20  1:31  Probe  
  21  1:41  Zealot  
  21  1:45  Probe  
  24  1:51  Pylon  
  24  2:08  Probe  
  25  2:19  Warp Gate, Robotics Facility  
  25  2:25  Stargate  
  25  2:30  Probe  
  25  2:34  Pylon  
  26  2:45  Probe  
  27  3:10  Warp Prism  
  29  3:17  Gateway  
  29  3:21  Gateway  
  29  3:26  Void Ray  
  33  3:56  Gateway  
  33  4:27  Nexus  
  33  4:31  Stalker  
  33  4:32  Stalker x2  
  39  4:40  Pylon  
  39  5:06  Zealot  
  39  5:07  Zealot x3  
  33  5:28  Stalker  
  33  5:31  Stalker x3  
  37  5:55  Void Ray  
  33  6:17  Stalker  
  33  6:18  Stalker  
  33  6:32  Zealot x2  
  35  6:39  Zealot  
  35  6:40  Zealot x3  
  41  6:51  Void Ray  
  37  7:01  Forge  
  37  7:05  Stalker x2  
  37  7:10  Stalker  
  37  7:11  Stalker  
  36  7:32  Probe x2  
  38  7:40  Probe  
  38  7:41  Immortal  
  42  7:50  Probe  
  44  8:02  Probe  
  44  8:03  Sentry  
  41  8:06  Sentry  
  41  8:12  Zealot x2  
  47  8:14  Probe  
  40  8:44  Stalker  
  40  8:45  Stalker x3  
  46  8:49  Immortal  
  50  8:56  Probe  
  51  9:35  Protoss Shields Level 1, Probe  
  48  9:45  Zealot  
  48  9:46  Zealot x2  
  48  9:48  Probe  
  51  9:59  Zealot  
  47  10:00  Probe  
  44  10:12  Probe  
  45  10:24  Probe  
  45  10:44  Pylon  
  45  10:47  Void Ray  
  43  10:54  Pylon  
  41  11:14  Pylon  
  41  11:16  Pylon  
  41  11:19  Pylon  
  41  11:23  Photon Cannon  
  41  11:27  Assimilator  
  41  11:29  Assimilator  
  41  11:32  Probe  
  42  11:33  Pylon  
  38  11:41  Photon Cannon  
  38  11:43  Photon Cannon  
  38  11:44  Probe  
  38  11:45  Photon Cannon  
  35  11:47  Zealot x2  
  35  11:48  Zealot  
  41  11:56  Probe  
  44  12:08  Stargate, Probe  
  40  12:10  Twilight Council, Robotics Facility  
  40  12:20  Probe  
  35  12:37  Pylon  
  35  12:40  Pylon  
  35  12:44  Gateway  
  35  12:58  Dark Shrine  
  31  13:15  Void Ray  
  35  13:21  Gateway  
  35  13:24  Gateway  
  34  13:27  Pylon  
  16  14:10  Dark Templar  
  12  14:18  Dark Templar  
  12  14:20  Dark Templar  
Show
View Real Time Build Order
Export as new Build Order

Djorn Protoss - Winner!

Build Orders:  

Get SALT Encoding   

  12  0:01  Probe  
  13  0:14  Probe  
  14  0:22  Pylon  
  14  0:27  Probe  
  15  0:40  Probe  
  16  0:45  Gateway  
  16  0:49  Probe  
  17  0:57  Probe  
  18  1:07  Probe  
  18  1:09  Gateway  
  19  1:14  Pylon  
  19  1:18  Assimilator  
  19  1:20  Probe  
  20  1:28  Assimilator  
  20  1:32  Probe  
  21  1:44  Cybernetics Core  
  21  1:55  Pylon  
  21  2:01  Probe  
  22  2:09  Probe  
  23  2:19  Probe  
  24  2:30  Stalker  
  24  2:31  Probe  
  25  2:38  Stalker  
  25  2:43  Probe  
  30  2:46  Warp Gate  
  30  2:55  Robotics Facility  
  30  3:00  Gateway  
  30  3:02  Gateway  
  30  3:06  Pylon  
  30  3:13  Adept  
  30  3:16  Adept  
  34  3:28  Probe  
  35  3:40  Probe  
  36  3:41  Observer  
  36  3:46  Stalker  
  39  3:52  Probe  
  40  3:56  Observer  
  40  4:04  Probe  
  42  4:16  Immortal  
  46  4:25  Pylon  
  46  4:32  Pylon  
  46  4:35  Gateway  
  46  4:37  Gateway  
  44  5:13  Stalker  
  44  5:14  Stalker  
  46  5:26  Pylon  
  40  5:41  Immortal, Zealot x4  
  46  6:18  Zealot  
  46  6:19  Zealot  
  46  6:20  Immortal  
  46  6:21  Stalker x2  
  46  6:22  Stalker  
  60  6:41  Stalker  
  62  6:52  Pylon  
  62  6:54  Pylon  
  62  7:00  Immortal  
  63  7:14  Pylon  
  61  7:39  Immortal  
  61  7:40  Zealot  
  67  7:49  Gateway  
  67  7:50  Stalker x5  
  71  8:45  Stalker x2  
  71  8:46  Stalker x2  
  77  9:00  Stalker  
  65  10:57  Stalker x4  
  65  10:58  Stalker  
  65  11:01  Immortal  
  73  11:40  Immortal  
  73  12:38  Observer  
  74  12:56  Observer  
  75  13:17  Observer  
  76  13:38  Observer  
Tags
 
Matchup
PvP
Replay Pack
sc2replays
Spawn Locations
Cross Positions
Add a new tag
Caveats
  • Supply blocks, unpowered buildings, or Contaminate may cause inaccurate times.
  • Supply counts are checked every 10 seconds.